 Dungeon Crawl Stone Soup version 0.27.1-34-g3ba077fa99 (webtiles) character file.

Game seed: 11662287278967486849

32 pkoi the Skirmisher (level 3, -1/33 HPs)
             Began as a Draconian Monk on Jan 11, 2022.
             Succumbed to an adder's poison
             ... on level 2 of the Dungeon.
             The game lasted 00:01:22 (1238 turns).

pkoi the Skirmisher (Draconian Monk)                Turns: 1238, Time: 00:01:23

Health: -1/33      AC:  5    Str: 13    XL:     3   Next: 10%
Magic:  3/3        EV: 12    Int: 11    God:
Gold:   44         SH:  0    Dex: 13    Spells: 2/2 levels left

rFire    . . .     SeeInvis .     - Unarmed
rCold    . . .     Faith    .   (no shield)
rNeg     . . .     Spirit   .   (armour unavailable)
rPois    .         Reflect  .   (helmet restricted)
rElec    .         Harm     .   (no cloak)
rCorr    .         Rampage  .   (no gloves)
Will     .....                  (no boots)
Stlth    ++........             (no amulet)
HPRegen  0.11/turn              (no ring)
MPRegen  0.08/turn              (no ring)

@: lethally poisoned (-1 -> -8)
A: AC +5, unfitting armour, cold-blooded
a: no special abilities


You were on level 2 of the Dungeon.
You visited 1 branch of the dungeon, and saw 2 of its levels.

You collected 44 gold pieces.

Inventory:

Hand Weapons
 c - a +1 short sword
Scrolls
 a - a scroll of teleportation


   Skills:
 * Level 4.1 Fighting
 - Level 3.0 Dodging
 - Level 1.7 Stealth
 + Level 3.3 Unarmed Combat


You had 2 spell levels left.
You didn't know any spells.
Your spell library was empty.

Dungeon Overview and Level Annotations

Branches:
Dungeon (2/15)

Altars:

Shops:
D:1 (


Innate Abilities, Weirdness & Mutations

Your plain brown scales are hard. (AC +5)
You cannot fit into any form of body armour.
You are cold-blooded and may be slowed by cold attacks.


Message History

You are too injured to fight recklessly!
You closely miss the kobold.
The kobold is moderately wounded.
You feel sick.
The adder barely misses you. x2; The kobold closely misses you.
You closely miss the kobold.
The kobold is moderately wounded.
You feel sick. The adder misses you. The kobold hits you with a +0 club.
You completely miss the kobold.
The kobold is moderately wounded.
You feel sick. The adder bites you.
* * * LOW HITPOINT WARNING * * *
The kobold misses you.
You barely miss the kobold.
You tail-slap the kobold, but do no damage.
The kobold is moderately wounded.
You feel sick.
You are no longer poisoned.
The adder bites you but does no damage.
You hit the kobold.
You kill the kobold!
The adder bites you.
* * * LOW HITPOINT WARNING * * *
You are poisoned.
The adder poisons you!
You feel sick. The adder bites you.
* * * LOW HITPOINT WARNING * * *
Things that are here:
a +0 club; 4 stones; a kobold corpse Unknown command.
You aren't carrying any potions.
As you read the scroll labelled RABBIDGHISMIMUF, it crumbles to dust.
It is a scroll of enchant weapon.
Your +0 short sword glows red for a moment.
* * * LOW HITPOINT WARNING * * *
You feel sick. The adder bites you.
* * * LOW HITPOINT WARNING * * *
You are more poisoned.
The adder poisons you!
You completely miss the adder.
You die...

.......l#
......S.#
........# #####
#.......# ...(#
#.......# ###.#
#.......# # #.#
#.......####.# #.#
#<......bS@..#
#.###.......####.#
#.............# #
# #########'#.#.#
. ........#.#.#
#########.#.#
#.#.# #b#.. #.###


You could see an adder and a bat.

Vanquished Creatures
  5 endoplasms (D:1)
  2 giant cockroaches (D:1)
  3 goblins (D:1)
  3 hobgoblins (D:1)
  6 jackals (D:1)
  A quokka (D:1)
  2 bats (D:1)
  A frilled lizard (D:1)
  2 kobolds
25 creatures vanquished.

Vanquished Creatures (others)
  A plant (D:1)
1 creature vanquished.

Grand Total: 26 creatures vanquished

Notes
Turn   | Place    | Note
-------+----------+-------------------------------------------
     0 | D:1      | pkoi the Draconian Monk began the quest for the Orb.
     0 | D:1      | Reached XP level 1. HP: 19/19 MP: 1/1
   386 | D:1      | Reached XP level 2. HP: 12/26 MP: 2/2
   530 | D:1      | Found a faded altar of an unknown god.
   691 | D:1      | Found Nusuxzad's Weapon Boutique.
   881 | D:1      | Reached skill level 4 in Fighting
   934 | D:1      | Reached XP level 3. HP: 33/33 MP: 3/3
  1237 | D:2      | HP: 1/33 [adder (3)]
  1238 | D:2      | Succumbed to an adder's poison

Illustrated notes

Levels and vault maps discovered:
D:1:      dpeg_arrival_pits, layout_basic, serial_shops, nicolae_shop_stone,
          shapermc_ecumenical_altar_acropolis
D:2:      layout_basic, serial_rivers, chequers_serial_rivers_large_a,
          chequers_serial_rivers_marsh, chequers_serial_rivers_room_b,
          chequers_serial_rivers_room_b, chequers_serial_rivers_large_b,
          chequers_serial_rivers_room_b

Skill      XL: |  1  2 |
---------------+-------+-----
Dodging        | 3 |  3.0
Fighting       | 4 |  4.1
Stealth        | |  1.7
Unarmed Combat | |  3.3

Action                   || total
-------------------------++-------
Melee: Unarmed           ||    87
       Tailslap          ||    10
       Punch             ||     1
  Use: Scroll            ||     3
 Stab: Sleeping          ||     2
Armor: Skin              ||    32
Dodge: Dodged            ||    60
